 Dungeon Crawl Stone Soup version 0.20-a0-492-g6327889 (webtiles) character file.

147 Klosterheim the Scratcher (level 5, -2/24 HPs)
             Began as a Felid Berserker on Jan 15, 2017.
             Was a Believer of Trog.
             Slain by an orc priest
             ... wielding a +0 dagger of speed
              (8 damage)
             ... on level 4 of the Dungeon.
             The game lasted 00:04:40 (2738 turns).

Klosterheim the Scratcher (Felid Berserker)         Turns: 2738, Time: 00:04:41

Health: -2/24      AC:  1    Str: 14    XL:     5   Next: 7%
Magic:  6/6        EV: 19    Int:  9    God:    Trog [**....]
Gold:   132        SH:  0    Dex: 15    Spells: 4/4 levels left
                                        Lives:  0   Deaths: 1

rFire    . . .     SeeInvis +     - Unarmed
rCold    . . .     Gourm    .   (armour unavailable)
rNeg     + . .     Faith    .   (shield unavailable)
rPois    .         Spirit   .   (helmet unavailable)
rElec    .         Reflect  .   (cloak unavailable)
rCorr    .         Harm     .   (gloves unavailable)
MR       .....                  (boots unavailable)
Stlth    ++........             (no amulet)
Regen    0.0/turn               (no ring)
                                c - ring of positive energy

@: quick
A: no armour, no weapons or thrown items, stealth, claws 1, fangs 3, see
invisible, carnivore 3, speed 1, shaggy fur 1, slow metabolism 1, sharp paws
a: Berserk, Trog's Hand, Burn Spellbooks, Renounce Religion


You were on level 4 of the Dungeon.
You worshipped Trog.
Trog was pleased with you.
You were completely stuffed.

You visited 1 branch of the dungeon, and saw 4 of its levels.

You collected 132 gold pieces.

Inventory:

Jewellery
 c - a ring of positive energy (left paw)
Scrolls
 b - 5 scrolls of identify {unknown}
 e - a scroll of teleportation {unknown}
 h - a scroll of recharging {unknown}
Potions
 f - a potion of degeneration {unknown}
 g - a potion of brilliance {unknown}
 j - 2 potions of might {unknown}
Comestibles
 a - 2 meat rations
 i - a beef jerky


   Skills:
 - Level 3.0 Fighting
 - Level 4.0 Dodging
 * Level 6.2 Unarmed Combat


You had 4 spell levels left.
You didn't know any spells.

Dungeon Overview and Level Annotations

Branches:
Dungeon (4/15)             Temple (0/1) D:4

Altars:


Innate Abilities, Weirdness & Mutations

You cannot wear armour.
You are incapable of wielding weapons or throwing items.
Your paws allow you to move quietly. (Stealth)
You have sharp claws.
You have razor-sharp teeth.
You have supernaturally acute eyesight. (SInv)
You are carnivorous and can eat meat at any time.
You cover ground quickly.
You are covered in fur. (AC +1)
You have a slow metabolism.
Your sharp claws are effective at attacking unaware monsters.


Message History

Beogh smites you!
An orc comes into view. It is wielding a dagger.
An orc comes into view. It is wielding a flail.
The orc moves out of view.
Found a forked lead wand.
The orc shouts!
The orc priest barely misses you.
A scorpion comes into view.
You scratch the orc priest. Your claw misses the orc priest.
The orc priest is heavily wounded.
The orc priest closely misses you.
You closely miss the orc priest.
The orc priest is heavily wounded.
The orc priest misses you.
You scratch the orc priest. Your claw misses the orc priest.
The orc priest is heavily wounded.
The phantom hits you!
* * * LOW HITPOINT WARNING * * *
The orc priest hits you with a dagger of speed!
You die...

....### #.....# #
....# #.....#/# ....#
#...?##.#
....#########....#...
....'.....>.'.....#
....#########....#.o
....# #........##
....# #.........#.#
....# #........@..#
##### #........Wo##
#....####.so# #....
#..#.# #.... #.##.#
#### #.# . ... . ..#
#o


You could see a phantom, a scorpion, an orc priest and 2 orcs.

Vanquished Creatures
  3 orc priests (D:3)
  A worker ant (D:4)
  Robin (D:2)
  2 worms (D:2)
  A dart slug (D:1)
  2 leopard geckos
  4 orcs (D:3)
  5 bats
  3 giant cockroaches
  10 goblins
  7 hobgoblins
  A quokka (D:2)
  2 frilled lizards (D:1)
  4 kobolds
  8 rats
54 creatures vanquished.

Vanquished Creatures (others)
  A hobgoblin (D:2)
1 creature vanquished.

Grand Total: 55 creatures vanquished

Notes
Turn   | Place    | Note
-------+----------+-------------------------------------------
     0 | D:1      | Klosterheim the Felid Berserker began the quest for the Orb.
     0 | D:1      | Reached XP level 1. HP: 10/10 MP: 2/2
   283 | D:1      | Reached XP level 2. HP: 14/14 MP: 3/3
   548 | D:1      | Reached skill level 4 in Unarmed Combat
   556 | D:1      | Reached ** piety under Trog
   664 | D:2      | Noticed Robin
   678 | D:2      | Killed Robin
   678 | D:2      | Reached XP level 3. HP: 5/17 MP: 4/4
  1660 | D:3      | Reached XP level 4. HP: 15/21 MP: 5/5
  1828 | D:3      | Reached skill level 5 in Unarmed Combat
  2239 | D:3      | Killed from afar by an orc priest
  2240 | D:3      | Reached XP level 3. HP: -1/25 MP: 4/4
  2268 | D:3      | Reached XP level 4. HP: 21/21 MP: 5/5
  2275 | D:3      | Reached skill level 6 in Unarmed Combat
  2605 | D:4      | Reached XP level 5. HP: 15/24 MP: 6/6
  2721 | D:4      | Found a staircase to the Ecumenical Temple.
  2732 | D:4      | Noticed a phantom
  2738 | D:4      | Slain by an orc priest

Vault maps used:
D:1:      dpeg_arrival_shelter, hex_intersection
D:2:      lemuel_flame_loot_1, uniq_robin
D:4:      minmay_ruptured

Skill      XL: |  1  2  3  4 |
---------------+-------------+-----
Unarmed Combat | 4 6 |  6.2
Fighting       | |  3.0
Dodging        | |  4.0

Action                   |  1- 3 |  4- 6 || total
-------------------------+-------+-------++-------
Melee: Unarmed           |    92 |    33 ||   125
       Bite              |     6 |     1 ||     7
       Punch             |     1 |       ||     1
Invok: Berserk           |     3 |     1 ||     4
 Stab: Sleeping          |     5 |     2 ||     7
  Eat: Chunk             |    12 |     6 ||    18
Armor: Skin              |     6 |     1 ||     7
Dodge: Dodged            |    72 |    27 ||    99
